 Dungeon Crawl Stone Soup version 0.29.1-15-g9cfb28693d (webtiles) character file.

Game seed: 16222541196925372997

81 safid the Chiller (level 4, -1/33 HPs)
             Began as a Merfolk Ice Elementalist on Apr 7, 2023.
             Slain by a gnoll
             ... wielding a +0 flail
              (11 damage)
             ... on level 2 of the Dungeon.
             The game lasted 00:02:35 (1295 turns).

safid the Chiller (Merfolk Ice Elementalist)        Turns: 1295, Time: 00:02:35

Health: -1/33      AC:  2    Str:  8    XL:     4   Next: 40%
Magic:  0/8        EV: 12    Int: 16    God:
Gold:   49         SH:  6    Dex: 14    Spells: 4/8 levels left

rFire   . . .      SeeInvis .   h - +2 short sword (speed)
rCold   . . .      Faith    .   d - +2 buckler
rNeg    . . .      Spirit   .   a - +0 robe
rPois   .          Reflect  .   (no helmet)
rElec   .          Harm     .   (no cloak)
rCorr   .          Rampage  .   (no gloves)
Will    .....                   (no boots)
Stlth   ++........              (no amulet)
HPRegen 0.11/turn               (no ring)
MPRegen 0.11/turn               (no ring)

@: very slightly contaminated
A: (nimble swimmer 2), mertail
a: no special abilities


You were on level 2 of the Dungeon.
You visited 1 branch of the dungeon, and saw 2 of its levels.

You collected 49 gold pieces.

Inventory:

Hand Weapons
 h - a +2 short sword of speed (weapon)
Armour
 a - a +0 robe (worn)
 d - a +2 buckler (worn)
Scrolls
 c - a scroll of teleportation {unknown}
 e - a scroll of identify {unknown}
Potions
 b - a potion of magic
 f - a potion of curing {unknown}
 g - a potion of ambrosia {unknown}


   Skills:
 + Level 2.1 Fighting
 - Level 2.6 Dodging
 - Level 2.1 Stealth
 + Level 1.1 Shields
 + Level 2.8 Spellcasting
 + Level 5.0 Ice Magic


You had 4 spell levels left.
You knew the following spells:

 Your Spells              Type           Power      Damage    Failure   Level
a - Freeze                Ice            72%        1d9       3%          1
b - Frozen Ramparts       Ice            36%        1d6       10%         3

Your spell library contained the following spells:

 Spells                   Type           Power      Damage    Failure   Level
 Ozocubu's Armour         Ice            18%        N/A       10%         3
 Ensorcelled Hibernation  Hex/Ice        20%        N/A       14%         2
 Passwall                 Tmut/Erth      1%         N/A       36%         2
 Swiftness                Air            2%         N/A       58%         3
 Hailstorm                Conj/Ice       10%        3d5       65%         4


Dungeon Overview and Level Annotations

Branches:
Dungeon (2/15)

Altars:


Innate Abilities, Weirdness & Mutations

((You are very nimble when in or above water. (Stealth+, EV+, Speed+++)))
Your lower body shifts to a powerful aquatic tail in water.


Message History

Casting: Frozen Ramparts (quite dangerous; 10% risk of failure)
Confirm with . or Enter, or press ? or * to list all spells.
The spell is quite dangerous to miscast (10% risk of failure)!
Continue anyway? [Y]es or [N]o only, please.
The spell is quite dangerous to miscast (10% risk of failure)!
Continue anyway?
Casting: Frozen Ramparts (quite dangerous; 10% risk of failure)
Press: ? - help, Dir - look around, f - activate You miscast Frozen Ramparts.
You are very lightly contaminated with residual magic.
Nothing appears to happen.
The gnoll closely misses you.
You closely miss the gnoll.
The gnoll is moderately wounded.
The gnoll completely misses you.
You hit the gnoll.
The gnoll is severely wounded.
The gnoll barely misses you.
You hit the gnoll.
The gnoll is almost dead.
The gnoll hits you with a +0 whip!
Casting: Frozen Ramparts (quite dangerous; 10% risk of failure)
Confirm with . or Enter, or press ? or * to list all spells.
Aiming: Freeze (safe; 3% risk of failure)
Press: ? - help, Shift-Dir - straight line, f - gnoll
Aim: a gnoll, wielding a +0 whip (almost dead)
You freeze the gnoll!
You kill the gnoll!
Unknown command.
You are too injured to fight recklessly!
You are too injured to fight recklessly!
You barely miss the gnoll. You hit the gnoll.
The gnoll is moderately wounded.
The gnoll barely misses you.
You barely miss the gnoll.
The gnoll is moderately wounded.
You block the gnoll's attack.
You hit the gnoll.
The gnoll is severely wounded.
The gnoll hits you with a +0 flail!
You die...

...#
#....#######.
...#
#.#...)......
...#
#...#########
...#
####.........#
.....
#.........###.#
######
..###.#...#.#
#.#.....#
..#..##.#.# ##
#@..)...#
....))g#.##.###
######.#... #
#.#.#.# #.#.#.#
#.#.# . #.#.# #
#. .#


You could see a gnoll.

Vanquished Creatures
  3 gnolls (D:2)
  An adder (D:2)
  3 dart slugs (D:1)
  5 ball pythons (D:1)
  3 bats
  An endoplasm (D:2)
  3 giant cockroaches
  7 goblins
  A hobgoblin (D:1)
  3 kobolds
  4 frilled lizards (D:1)
  A rat (D:1)
35 creatures vanquished.

Notes
Turn   | Place    | Note
-------+----------+-------------------------------------------
     0 | D:1      | safid the Merfolk Ice Elementalist began the quest for the
                  | Orb.
     0 | D:1      | Reached XP level 1. HP: 13/13 MP: 3/3
   214 | D:1      | Reached XP level 2. HP: 20/20 MP: 3/5
   219 | D:1      | Reached skill level 1 in Fighting
   486 | D:1      | Found a faded altar of an unknown god.
   494 | D:1      | Reached XP level 3. HP: 26/26 MP: 3/6
   498 | D:1      | Learned a level 3 spell: Frozen Ramparts
  1284 | D:2      | Reached XP level 4. HP: 17/33 MP: 3/8
  1285 | D:2      | Reached skill level 1 in Shields
  1285 | D:2      | Reached skill level 5 in Ice Magic
  1295 | D:2      | Slain by a gnoll

Illustrated notes

Levels and vault maps discovered:
D:1:      lightli_arrival_quake, layout_rooms,
          shapermc_ecumenical_altar_mp_highgroup
D:2:      layout_basic

Skill      XL: |  1  2  3  4 |
---------------+-------------+-----
Fighting       | 1 2 |  2.1
Shields        | 1 |  1.1
Ice Magic      | 5 |  5.0
Dodging        | |  2.6
Stealth        | |  2.1
Spellcasting   | |  2.8

Action                   |  1- 3 |  4- 6 || total
-------------------------+-------+-------++-------
Melee: Unarmed           |     3 |       ||     3
       Dagger            |    19 |       ||    19
       Short sword       |     1 |     7 ||     8
 Cast: Freeze            |    39 |     1 ||    40
       Frozen Ramparts   |     1 |       ||     1
 Stab: Sleeping          |     2 |       ||     2
       Distracted        |     1 |       ||     1
Armor: Robe              |     9 |       ||     9
Dodge: Dodged            |    30 |     4 ||    34
Block: Buckler           |    11 |     1 ||    12
